 Dungeon Crawl Stone Soup version 0.27-a0-1188-g73eefd5def (webtiles) character file.

Game seed: 9429371059090091361

377 chippings the Grave Robber (level 6, -7/46 HPs)
             Began as a Mummy Necromancer on May 20, 2021.
             Was an Initiate of Gozag.
             Mangled by Edmund
             ... wielding a +1 dire flail of protection
              (8 damage)
             ... on level 4 of the Dungeon.
             The game lasted 00:06:32 (3864 turns).

chippings the Grave Robber (Mummy Necromancer)      Turns: 3864, Time: 00:06:33

Health: -7/46      AC:  5    Str: 12    XL:     6   Next: 45%
Magic:  1/12       EV: 11    Int: 16    God:    Gozag
Gold:   226        SH:  0    Dex: 18    Spells: 10/14 levels left

rFire    . . .     SeeInvis .   c - +2 whip (elec)
rCold    + . .     Faith    .   (no shield)
rNeg     + + +     Spirit   .   i - +2 leather armour {rF+}
rPois    ∞         Reflect  .   (no helmet)
rElec    .         Harm     .   (no cloak)
rCorr    .         Rampage  .   (no gloves)
Will     .....                  (no boots)
Stlth    ++........             (no amulet)
HPRegen  0.15/turn              g - +6 ring of dexterity
MPRegen  0.13/turn              (no ring)

@: no status effects
A: cold resistance 1, negative energy resistance 3, torment resistance 2, heat
vulnerability 1, no potions
a: Renounce Religion, Potion Petition, Call Merchant, Bribe Branch


You were on level 4 of the Dungeon.
You worshipped Gozag.
Gozag was aware of your devotion.
You visited 1 branch of the dungeon, and saw 4 of its levels.

You collected 294 gold pieces.
You paid 68 gold pieces to Gozag.

Inventory:

Hand Weapons
 c - a +2 whip of electrocution (weapon)
 m - a +0 dire flail
Missiles
 d - 7 boomerangs
 n - 7 poisoned darts
Armour
 a - a +0 buckler
 f - a +0 kite shield
 i - a +2 leather armour of fire resistance (worn)
Jewellery
 g - a +6 ring of dexterity (left hand)
Scrolls
 b - a scroll of brand weapon {unknown}
 e - 3 scrolls of identify {unknown}
 h - 2 scrolls of blinking {unknown}
 j - a scroll of vulnerability {unknown}
 k - a scroll of magic mapping {unknown}
 l - 2 scrolls of enchant weapon {unknown}


   Skills:
 + Level 2.5 Fighting
 * Level 3.1 Maces & Flails
 - Level 1.5 Dodging
 - Level 1.5 Stealth
 + Level 4.6 Spellcasting
 + Level 5.0 Necromancy


You had 10 spell levels left.
You knew the following spells:

 Your Spells              Type           Power      Damage    Failure   Level
a - Pain                  Necr           76%        1d7       2%          1
b - Vampiric Draining     Necr           9%         2d7       8%          3

Your spell library contained the following spells:

 Spells                   Type           Power      Damage    Failure   Level
 Animate Skeleton         Necr           38%        N/A       2%          1
 Animate Dead             Necr           9%         N/A       26%         4
 Confusing Touch          Hex            3%         N/A       52%         3
 Gell's Gravitas          Tloc           1%         N/A       52%         3
 Agony                    Necr           19%        N/A       56%         5
 Petrify                  Tmut/Erth      3%         N/A       90%         4
 Metabolic Englaciation   Hex/Ice        1%         N/A       99%         5
 Yara's Violent Unravell  Hex/Tmut       1%         3d3       99%         5


Dungeon Overview and Level Annotations

Branches:
Dungeon (4/15)
 Temple: D:4-7

Altars:
Gozag

Annotations:
D:4 Edmund


Innate Abilities, Weirdness & Mutations

You are immune to poison.
Your flesh is cold resistant. (rC+)
You are immune to negative energy. (rN+++)
You are immune to unholy pain and torment.
You are vulnerable to heat. (rF-)
You do not drink.


Message History

You draw life force from Edmund!
You feel life coursing into your body.
Edmund hits you with a +1 dire flail of protection.
Casting: Vampiric Draining (dangerous; 8% risk of failure)
Confirm with . or Enter, or press ? or * to list all spells.
Aiming: Vampiric Draining (dangerous; 8% risk of failure)
Press: ? - help, Shift-Dir - straight line, f/p - Edmund
Aim: Edmund, wielding a +1 dire flail of protection and wearing a +2 ring mail of fire resistance (severely wounded)
You draw life force from Edmund.
You feel life coursing into your body.
Edmund hits you with a +1 dire flail of protection!
* * * LOW HITPOINT WARNING * * *
You barely miss Edmund.
Edmund is almost dead.
Edmund misses you.
You hit Edmund but do no damage. Lightning courses through Edmund!
Edmund is almost dead.
Edmund says, "People accused me of being a cutpurse!"
Edmund hits you with a +1 dire flail of protection.
* * * LOW HITPOINT WARNING * * *
You barely miss Edmund.
Edmund is almost dead.
Edmund closely misses you.
You closely miss Edmund.
Edmund is almost dead.
Edmund completely misses you.
You closely miss Edmund.
Edmund is almost dead.
Edmund barely misses you.
You hit Edmund but do no damage.
Edmund is almost dead.
Edmund hits you with a +1 dire flail of protection.
* * * LOW HITPOINT WARNING * * *
You hit Edmund but do no damage.
Edmund is almost dead.
Edmund hits you with a +1 dire flail of protection!
* * * LOW HITPOINT WARNING * * *
You hit Edmund but do no damage.
Edmund is almost dead.
Edmund hits you with a +1 dire flail of protection!
You die...
Your body crumbles into a pile of gold.

..............+
.......<......#.........
###+##........#.........
#........#.........
#........#.........
#........#.........
######........#..... ...
......#########..@# ...#
......# ....##.@.##...#
......# .......$.......
......# ...............
......###+#####.........
##......#....##...#####+
.#......#....##'###
.'......#....##...##...
.#...)..#....'.........
'#).....#....##........


You could see Edmund.

Vanquished Creatures
  A necrophage (D:4)
  A scorpion (D:4)
  A jelly (D:2)
  A hound (D:2)
  7 adders
  2 dart slugs (D:1)
  10 orcs
  5 ball pythons
  4 bats
  6 endoplasms
  8 giant cockroaches
  7 goblins
  9 hobgoblins
  7 jackals
  8 kobolds
  3 quokkas (D:2)
  3 frilled lizards (D:1)
  8 rats
91 creatures vanquished.

Notes
Turn   | Place    | Note
-------+----------+-------------------------------------------
     0 | D:1      | chippings the Mummy Necromancer began the quest for the
                  | Orb.
     0 | D:1      | Reached XP level 1. HP: 13/13 MP: 4/4
   407 | D:1      | Reached XP level 2. HP: 17/19 MP: 1/6
  1209 | D:1      | Found a faded altar of an unknown god.
  1266 | D:1      | Reached XP level 3. HP: 25/25 MP: 7/7
  1500 | D:1      | Learned a level 3 spell: Vampiric Draining
  1610 | D:2      | Reached skill level 1 in Maces & Flails
  1705 | D:2      | Reached skill level 1 in Fighting
  1837 | D:2      | Reached XP level 4. HP: 8/32 MP: 3/9
  2387 | D:2      | Reached XP level 5. HP: 34/37 MP: 11/11
  3223 | D:3      | Found an opulent altar of Gozag.
  3234 | D:3      | Became a worshipper of Gozag Ym Sagoz the Greedy
  3517 | D:4      | Reached XP level 6. HP: 39/44 MP: 12/12
  3653 | D:4      | Reached skill level 5 in Necromancy
  3846 | D:4      | Noticed Edmund
  3863 | D:4      | HP: 1/46 [Edmund/+1 dire flail of protection (7)]
  3864 | D:4      | Mangled by Edmund

Illustrated notes

Levels and vault maps discovered:
D:1:      saegor_arrival_miasma, layout_basic, ebering_ecumenical_altar_box,
          minmay_small_reverse_x
D:2:      minmay_thinvault, layout_basic, lightli_corner_chamber
D:3:      layout_rooms, grunt_gozag_statues
D:4:      layout_gridville, nicolae_ru_great_annihilating_truth, serial_shops,
          kennysheep_little_box, minmay_misc_feat_ornament,
          hangedman_abyss_or_decor_lesser_grid, roderic_nine_men_s_morris,
          uniq_edmund

Skill      XL: |  1  2  3  4  5  6 |
---------------+-------------------+-----
Spellcasting   | 3 4 |  4.6
Maces & Flails | 1 2 3 |  3.1
Fighting       | 1 2 |  2.5
Necromancy     | 5 |  5.0
Dodging        | |  1.5
Stealth        | |  1.5

Action                   |  1- 3 |  4- 6 || total
-------------------------+-------+-------++-------
Melee: Unarmed           |     9 |       ||     9
       Whip              |    67 |   146 ||   213
 Cast: Pain              |    24 |     3 ||    27
       Vampiric Draining |     1 |     5 ||     6
 Stab: Sleeping          |     3 |     3 ||     6
Armor: Robe              |     2 |       ||     2
       Leather armour    |    13 |    45 ||    58
Dodge: Dodged            |    59 |    77 ||   136

Table legend: (Time is in decaauts)
 A = Elapsed time spent in this place.
 B = Non-inter-level travel time spent in this place.
 C = Inter-level travel time spent in this place.
 D = Time resting spent in this place.
 E = Time spent auto-exploring this place.
 F = Levels seen in this place.
 G = Mean time per level.
                   A        B        C        D        E       F      G
               +--------+--------+--------+--------+--------+-----+--------+
         Total |   3863 |   3829 |     34 |    147 |   2695 |   4 |  965.8 |
       Dungeon |   3863 |   3829 |     34 |    147 |   2695 |   4 |  965.8 |
               +--------+--------+--------+--------+--------+-----+--------+

Top non-repeatable levels by time:
     D:1: 1592 daAuts
     D:2: 1510 daAuts
     D:3: 409 daAuts
     D:4: 350 daAuts
